 Dungeon Crawl Stone Soup version 0.28-a0-1435-g82390b3a13 (webtiles) character file.

Game seed: 10956481197263417856

7 shadowrider38 the Chucker (level 2, 21/21 HPs)
             Began as an Octopode Wanderer on Jan 10, 2022.
             Quit the game on level 1 of the Dungeon.
             The game lasted 00:00:25 (194 turns).

shadowrider38 the Chucker (Octopode Wanderer)        Turns: 194, Time: 00:00:26

Health: 21/21      AC:  1    Str: 10    XL:     2   Next: 0%
Magic:  2/2        EV: 12    Int: 14    God:
Gold:   11         SH:  0    Dex: 12    Spells: 1/1 levels left

rFire   x . .      SeeInvis .   a - +3 dagger
rCold   + . .      Faith    .   (no shield)
rNeg    . . .      Spirit   .   (helmet restricted)
rPois   .          Reflect  .   (no amulet)
rElec   .          Harm     .   d - ring of ice
rCorr   .          Rampage  .   (no ring)
Will    .....                   (no ring)
Stlth   +++.......              (no ring)
HPRegen 0.07/turn               (no ring)
MPRegen 0.08/turn               (no ring)
                                (no ring)
                                (no ring)

@: no status effects
A: almost no armour, amphibious, 8 rings, camouflage 1, gelatinous body 1,
(nimble swimmer 1), tentacles
a: no special abilities


You were on level 1 of the Dungeon.
You visited 1 branch of the dungeon, and saw 1 of its levels.

You collected 11 gold pieces.

Inventory:

Hand Weapons
 a - a +3 dagger (weapon)
 c - a +0 short sword
Missiles
 b - a curare-tipped dart (quivered)
Jewellery
 d - a ring of ice (left tentacle)
Scrolls
 f - a scroll of fog {unknown}
Potions
 e - 2 potions of flight {unknown}


   Skills:
 + Level 3.1 Fighting
 + Level 2.1 Short Blades
 + Level 4.1 Throwing
 + Level 1.8 Stealth


You had one spell level left.
You didn't know any spells.
Your spell library was empty.

Dungeon Overview and Level Annotations

Branches:
Dungeon (1/15)

Altars:


Innate Abilities, Weirdness & Mutations

You cannot wear most types of armour.
You are amphibious.
You can wear up to eight rings at the same time.
Your skin changes colour to match your surroundings (Stealth+).
Your rubbery body absorbs attacks. (AC +1, EV +1)
((You are camouflaged when in or above water. (Stealth+)))
You have tentacles for arms and can constrict up to eight enemies at once.


Message History

The endoplasm is heavily wounded.
The endoplasm freezes you.
You are frozen.
You resist.
An endoplasm is nearby!
You hit the endoplasm but do no damage.
The endoplasm is heavily wounded.
The endoplasm completely misses you.
An endoplasm is nearby!
You hit the endoplasm.
You kill the endoplasm!
No target in view!
No target in view!
Found a stone staircase leading down.
A ball python comes into view.
A ball python is nearby!
A ball python is nearby!
A ball python is nearby!
The helpless ball python fails to defend itself.
You puncture the ball python!
You kill the ball python!
No target in view!
An endoplasm comes into view.
Found a dagger.
An endoplasm is nearby!
An endoplasm is nearby!
An endoplasm is nearby!
The helpless endoplasm fails to defend itself.
You puncture the endoplasm!
You kill the endoplasm!
No target in view!
Found a spear.
A rat comes into view.
Found 14 gold pieces.
A rat is nearby!
A rat is nearby!
The helpless rat fails to defend itself.
You puncture the rat!
You kill the rat!
You have reached level 2!
Are you sure you want to abandon this character and quit the game? (Confirm with "yes".)

...##.#.........#
#.###.#
...........####.#
#.###.#
.###.###.#.# #.#
#...#.# .# #.#
#.#).. ..#
#.#.#.# .# #.#
#+########
#.#.#.# .# #.#
#....)# ## #.#
####.### # #..
#####.##.#
####...
#..@.....#
......>
+........#
####...
#.##.....# # #.
#.....# # #.##.##
#.##.# ########+#
$....# .........#
##.####
.#######.#


There were no monsters in sight!

Vanquished Creatures
  2 endoplasms (D:1)
  A goblin (D:1)
  A ball python (D:1)
  3 rats (D:1)
7 creatures vanquished.

Notes
Turn   | Place    | Note
-------+----------+-------------------------------------------
     0 | D:1      | shadowrider38 the Octopode Wanderer began the quest for the
                  | Orb.
     0 | D:1      | shadowrider38 set off with the following items: a +3
                  | dagger, a curare-tipped dart, a +0 short sword
     0 | D:1      | Reached XP level 1. HP: 16/16 MP: 1/1
   194 | D:1      | Reached XP level 2. HP: 21/21 MP: 2/2
   194 | D:1      | Quit the game

Illustrated notes

Levels and vault maps discovered:
D:1:      lightli_arrival_isolated_outpost, layout_loops_corners, serial_shops,
          nicolae_shop_temple_entry_statues_fountains

Action                   || total
-------------------------++-------
Melee: Dagger            ||    12
       Tentacles         ||     3
       Constrict         ||     2
 Stab: Sleeping          ||     3
Dodge: Dodged            ||     2

Table legend: (Time is in decaauts)
 A = Elapsed time spent in this place.
 B = Non-inter-level travel time spent in this place.
 C = Inter-level travel time spent in this place.
 D = Time resting spent in this place.
 E = Time spent auto-exploring this place.
 F = Levels seen in this place.
 G = Mean time per level.
                   A        B        C        D        E       F      G
               +--------+--------+--------+--------+--------+-----+--------+
         Total |    192 |    192 |      0 |      0 |    141 |   1 |  192.0 |
       Dungeon |    192 |    192 |      0 |      0 |    141 |   1 |  192.0 |
               +--------+--------+--------+--------+--------+-----+--------+

Top non-repeatable levels by time:
     D:1: 192 daAuts
